 Dungeon Crawl Stone Soup version 0.17-a0-1515-gfae3d72 (webtiles) character file.

68996 namelastname112 the Summoner (level 14, -11/102 HPs)
             Began as a Grey Draconian Wizard on July 12, 2015.
             Was the Champion of Sif Muna.
             Mangled by a skeletal warrior
             ... wielding a +0 glaive
              (26 damage)
             ... on level 15 of the Dungeon on July 13, 2015.
             The game lasted 02:22:47 (43141 turns).

namelastname112 the Summoner (DrWz)                Turns: 43141, Time: 02:22:47

Health: -11/102    AC: 21    Str:  9    XL:     14   Next: 88%
Magic:  3/31       EV: 15    Int: 23    God:    Sif Muna [******]
Gold:   646        SH:  0    Dex: 11    Spells: 6 memorised, 17 levels left

rFire  + . .     SeeInvis .     b - staff of wizardry
rCold  + + .     Clarity  +     (armour unavailable)
rNeg   . . .     SustAt   .     (no shield)
rPois  .         Gourm    .     j - +1 hat
rElec  .         Spirit   .     l - +0 cloak
rCorr  .         Warding  .     G - +2 pair of gloves {archery}
rMut   .         Stasis   .     k - +1 pair of boots
MR     +....                    w - amulet of clarity
Stlth  ++........               O - ring of protection from cold
                                A - +1 ring of protection

@: about to teleport, studying Summonings, somewhat resistant to hostile
enchantments, unstealthy
A: walk through water, unfitting armour, claws 1, stinger 1, blink 1, blurry
vision 1, cold resistance 1, fire resistance 1, frail 1, slow healing 1, wild
magic 1, unbreathing, cold-blooded, AC +13
a: Blink, Channel Energy, Forget Spell, Renounce Religion


You were on level 15 of the Dungeon.
You worshipped Sif Muna.
Sif Muna was exalted by your worship.
You were hungry.

You visited 4 branches of the dungeon, and saw 28 of its levels.
You also visited: Labyrinth and Sewer.

You collected 3120 gold pieces.
You spent 2200 gold pieces at shops.

Inventory:

Hand weapons
 a - the +3 dagger of Amiskuh {venom, rElec rPois}
   (You found it on level 2 of the Lair of Beasts)

   It poisons the flesh of those it strikes.
   It insulates you from electricity.
   It protects you from poison.
Armour
 j - a +1 hat (worn)
 k - a +1 pair of boots (worn)
 l - a +0 cloak (worn)
 C - a +2 buckler
 G - a +2 pair of gloves of archery (worn)
Magical staves
 b - an uncursed staff of wizardry (weapon)
Rods
 n - a +1 rod of ignition (13/13)
   (You found it on level 2 of the Dungeon)
Jewellery
 w - an amulet of clarity (around neck)
 A - a +1 ring of protection (left hand)
 O - a ring of protection from cold (right hand)
 Z - an uncursed amulet of resist mutation
Magical devices
 f - a wand of teleportation (3)
 t - a wand of fire (10)
 y - a wand of heal wounds (4)
 P - a wand of digging (14)
 R - a wand of fire (3)
 T - a wand of invisibility (2)
 U - a wand of disintegration (15)
Scrolls
 i - 2 scrolls of fear
 m - 7 scrolls of recharging
 r - 5 scrolls of teleportation
 D - 4 scrolls of magic mapping
 F - 13 scrolls of remove curse
 H - 5 scrolls of enchant armour
 K - 3 scrolls of identify
 L - 2 scrolls of blinking
 M - a scroll of enchant weapon
 V - a scroll of fog
 Y - a scroll of summoning
Potions
 d - a potion of heal wounds
 e - 2 potions of agility
 g - 3 potions of haste
 o - 3 potions of ambrosia
 p - 6 potions of resistance
 q - a potion of flight
 u - 5 potions of might
 v - 6 potions of brilliance
 x - 4 potions of magic
 z - a potion of cure mutation
 I - 2 potions of invisibility
 J - 6 potions of lignification
 N - 10 potions of curing
Books
 B - an Akashic Record

   Spells                             Type                      Level
   a - Dispersal                      Translocation                6
   b - Controlled Blink               Translocation                7
   c - Malign Gateway                 Summoning/Translocation      7
   d - Disjunction                    Translocation                8
 S - a book of Enchantments

   Spells                             Type                      Level
   a - Cause Fear                     Hexes                        4
   b - Silence                        Hexes/Air                    5
   c - Deflect Missiles               Charms/Air                   6
   d - Haste                          Charms                       6
   e - Discord                        Hexes                        8
 W - a manual of Summonings
 X - a book of Beasts

   Spells                             Type                      Level
   a - Summon Butterflies             Summoning                    1
   b - Call Canine Familiar           Summoning                    3
   c - Summon Ice Beast               Ice/Summoning                4
   d - Summon Mana Viper              Hexes/Summoning              5
   e - Summon Hydra                   Summoning                    7
Miscellaneous
 s - a legendary deck of changes {drawn: 1}
Comestibles
 c - 8 bread rations
 h - 20 fruits
 E - 4 chunks of flesh
 Q - 2 beef jerkies


   Skills:
 - Level 7.6 Fighting
 - Level 6.9 Dodging
 - Level 1.7 Stealth
 + Level 13.0 Spellcasting
   Level 5.3 Conjurations
 + Level 14.7 Summonings
 + Level 11.6 Necromancy
 - Level 1.0 Translocations
 - Level 7.7 Invocations


You had 17 spell levels left.
You knew the following spells:

 Your Spells              Type           Power        Failure   Level  Hunger
a - Sublimation of Blood  Necr           #######...   1%          2    None
b - Haunt                 Necr/Summ      #######...   14%         7    ######.
c - Monstrous Menagerie   Summ           #######...   2%          6    #####..
d - Blink                 Tloc           N/A          4%          2    None
e - Regeneration          Chrm/Necr      ######....   1%          3    None
x - Call Imp              Summ           #######.     1%          2    None


Dungeon Overview and Level Annotations

Branches:
Dungeon (15/15)            Temple (1/1) D:4            Lair (8/8) D:11
  Swamp (0/4) Lair:3       Spider (0/4) Lair:3        Slime (0/6) Lair:6
    Orc (4/4) D:12            Elf (0/3) Orc:4        Vaults (0/5) D:14
 Depths (0/5) D:15

Altars:
Ashenzari
Cheibriados
Dithmenos
Elyvilon
Fedhas
Gozag
Kikubaaqudgha
Makhleb
Nemelex Xobeh
Okawaru
Qazlal
Ru
Sif Muna
Trog
Vehumet
Xom
Yredelemnul
Zin
The Shining One

Shops:
D:5 *   D:7 (   Orc:3 %   Orc:4 ::=!


Innate Abilities, Weirdness & Mutations

You can walk through water.
Your dull iron-grey scales are very hard (AC +13).
Your body does not fit into most forms of armour.
You can survive without breathing.
You are cold-blooded and may be slowed by cold attacks.
You have sharp fingernails.
Your tail ends in a poisonous barb.
You can translocate small distances at will.
Scrolls take you a little longer to read.
Your flesh is cold resistant.
Your flesh is heat resistant.
You are frail (-10% HP).
You heal slowly when monsters are visible.
Your spells are a little harder to cast, but a little more powerful.


Message History

You are covered in liquid flames!
Your manticore bites the tengu conjurer but does no damage.
Your manticore claws the tengu conjurer but does no damage.
Your manticore claws the tengu conjurer.
The yaktaur captain shoots a bolt.
The bolt misses you.
The skeletal warrior hits you but does no damage.
The tengu conjurer casts a spell at your manticore.
The puff of flame hits your manticore.
You see here a bolt.
A vampire mosquito comes into view.
The vampire mosquito moves out of view.
Your manticore bites the tengu conjurer!
Your manticore claws the tengu conjurer!
The tengu conjurer dies!
The tengu conjurer points at you and mumbles some strange words.
The bolt of lightning hits you!
* * * LOW HITPOINT WARNING * * *
The bolt of lightning hits your manticore. x2
The skeletal warrior hits you from afar with a glaive!!
You die...

(#(#..#...#.#'#..P⌠..#..#
#..<
)#(((.#.###.(#...8P.#c.#
#.<.
/.((.(#.#...#(#.⌠....#
#...
..(..##......#)..†(.##
#..#
######(#######.(#(#.#
#... ....).## .'.##(#'##
#.#. #...#)# #.#'#.#z#.##
#... †(###(# # W.#(....Q#
#..# #†#...# ##.#H@##.#'#
#... .()...# ..#†.# ..#..
#.#. #)#.#.# ###.## #'#..
#... ##'#)## #.. #.Q.
#..# #÷#.#.## '## #. #...
#......# .# #.#.
..#.#.#'# . #...
#..#...#.. . #..#
..#.#.#'#.# #...


You could see a yaktaur captain, a skeletal warrior, a tengu conjurer and a
friendly manticore.

Vanquished Creatures
  A hydra (D:8)
  A centaur warrior (D:9)
  2 unseen horrors
  3 hill giants
  An ugly thing (D:11)
  2 cyclopes (D:11)
  A black mamba (Lair:1)
  A spiny frog (Lair:1)
  4 komodo dragons
  A centaur skeleton (D:11)
  A two-headed ogre (D:11)
  Prince Ribbit (D:7)
  A trapdoor spider zombie (D:8)
  11 blink frogs
  A troll (D:11)
  2 deep elf magi
  4 hungry ghosts
  A deep elf fighter (D:15)
  10 yaks
  4 hippogriffs
  A wyvern (D:11)
  5 orc warriors
  3 ice beasts
  2 porcupines
  A water moccasin (Lair:3)
  8 wolves
  2 phantoms
  3 sky beasts
  4 ogres
  7 centaurs
  3 crocodiles
  2 gnoll sergeants (D:6)
  7 big kobolds
  Dowan (D:4)
  A wyvern zombie (D:11)
  14 giant frogs
  9 killer bees
  A scorpion (D:9)
  10 wights
  A vampire bat (D:5)
  2 crimson imps
  2 centaur zombies
  A giant frog zombie (D:10)
  A wasp zombie (D:8)
  A gnoll shaman (D:6)
  4 hounds
  2 giant frog skeletons
  3 jellies
  Ijyb (D:2)
  10 orc priests
  13 worker ants
  Jessica (D:2)
  14 orc wizards
  Natasha (thrice) (D:4)
  A killer bee zombie (D:9)
  4 iguanas
  2 sheep (D:8)
  A hound skeleton (D:8)
  10 gnolls
  12 adders
  26 river rats
  2 shadow imps
  3 oozes
  5 worms
  4 giant geckos
  50 orcs
  14 ball pythons
  5 bat skeletons (D:5)
  2 bat zombies (D:5)
  4 giant cockroaches
  2 gnoll zombies (D:2)
  17 goblins
  21 hobgoblins
  18 jackals
  3 quokkas
  20 bats
  14 giant newts
  41 kobolds
  A quokka skeleton (D:6)
  48 rats
  A fungus (D:11)
  A plant (Lair:6)
528 creatures vanquished.

Vanquished Creatures (collateral kills)
  Rupert (D:12)
  Maud (Lair:3)
  Louise (D:15)
  Nessos (D:15)
  Azrael (D:15)
  A vampire knight (D:15)
  A minotaur (Lab)
  8 vault guards (D:14)
  Josephine (D:13)
  Erolcha (Orc:2)
  Harold (Orc:2)
  6 hydras
  A catoblepas (D:14)
  4 centaur warriors
  A tengu warrior (D:15)
  An ogre mage (D:15)
  7 death yaks
  Sonja (D:13)
  4 skeletal warriors (D:15)
  2 hill giants (D:15)
  A swamp dragon (shapeshifter) (D:15)
  6 orc knights
  A wizard (D:14)
  4 oklob plants (Lair:6)
  13 ugly things
  An orc sorcerer (Orc:3)
  4 griffons
  5 black mambas
  2 gargoyles
  8 elephants (Lair:6)
  6 cyclopes
  4 centaur skeletons
  2 tengu conjurers (D:15)
  3 fire drakes
  A yaktaur (D:15)
  4 komodo dragons
  A redback zombie (D:15)
  A spriggan druid (Lair:8)
  A harpy zombie (D:13)
  15 spiny frogs
  A wolf spider simulacrum (D:15)
  5 polar bears
  3 trolls
  A freezing wraith (D:14)
  3 boulder beetles
  A two-headed ogre (D:12)
  9 slime creatures
  24 blink frogs
  13 spriggans (Lair:8)
  9 hippogriffs
  4 wraiths
  2 centaur simulacra
  4 wyverns
  2 deep elf magi
  2 basilisks
  2 deep elf fighters (D:15)
  2 fire elementals (D:15)
  A steam dragon (D:10)
  42 wolves
  3 redbacks (Lair:8)
  4 yaks (Lair:8)
  A hungry ghost (D:14)
  4 vampire mosquitoes (D:15)
  A soldier ant (D:13)
  4 wargs
  2 swamp worms (Lair:3)
  2 mottled dragons (D:15)
  4 hell hounds (D:15)
  13 porcupines
  Duvessa (D:4)
  7 water moccasins
  2 phantoms (D:13)
  4 wasps
  An eye of draining (D:11)
  38 orc warriors
  2 sky beasts
  7 black bears
  8 ogres
  2 boggarts (D:15)
  10 centaurs
  14 crocodiles
  A gnoll sergeant (D:8)
  A wyvern zombie (D:14)
  12 giant frogs
  A big kobold (D:13)
  2 scorpions
  2 wights
  4 killer bees
  2 quasits
  3 jellies
  21 orc priests
  3 crimson imps
  A giant frog zombie (D:13)
  2 electric eels
  3 hounds
  21 orc wizards
  16 sheep
  A worker ant (D:5)
  5 iguanas
  A wandering mushroom (Lab)
  33 river rats
  An adder (D:12)
  2 gnolls (D:8)
  A shadow imp (D:13)
  136 orcs
  A bat (D:4)
  A bat zombie (D:6)
  11 hobgoblins
  6 kobolds
  A quokka (D:12)
  10 goblins
  5 fungi
  2 plants
704 creatures vanquished.

Vanquished Creatures (others)
  A griffon (D:15)
  2 centaur skeletons (D:15)
  A merfolk (Lair:3)
  A slime creature (D:15)
  2 orcs
  A jackal (D:4)
  3 wandering mushrooms (Lab)
  18 fungi
  8 plants
37 creatures vanquished.

Grand Total: 1269 creatures vanquished

Notes
Turn   | Place    | Note
--------------------------------------------------------------
     0 | D:1      | namelastname112 the Draconian Wizard began the quest for the Orb.
     0 | D:1      | Reached XP level 1. HP: 14/14 MP: 4/4
   169 | D:1      | Reached XP level 2. HP: 17/20 MP: 0/6
   826 | D:2      | Reached XP level 3. HP: 26/26 MP: 1/8
   997 | D:2      | Identified a +0 rod of ignition (12/12) (You found it on level 2 of the Dungeon)
  1483 | D:2      | Noticed Jessica
  1494 | D:2      | Killed Jessica
  1494 | D:2      | Reached XP level 4. HP: 30/33 MP: 0/9
  1510 | D:2      | Reached skill level 4 in Spellcasting
  1596 | D:2      | Noticed Ijyb
  1599 | D:2      | Killed Ijyb
  1618 | D:2      | Found a basalt altar of Yredelemnul.
  2132 | D:2      | Reached XP level 5. HP: 38/38 MP: 6/11
  2378 | D:3      | Found a white marble altar of Elyvilon.
  2655 | D:3      | Found a glowing drain.
  2659 | Sewer    | Entered a sewer
  3125 | Sewer    | Reached XP level 6. HP: 40/45 MP: 4/13
  3174 | Sewer    | Reached skill level 5 in Spellcasting
  3892 | Sewer    | Reached skill level 5 in Conjurations
  4305 | D:3      | Your scales start taking on a dull iron-grey colour.
  4305 | D:3      | Gained mutation: You can survive without breathing. [Grey Draconian growth]
  4305 | D:3      | Reached XP level 7. HP: 50/50 MP: 2/15
  4722 | D:4      | Found a staircase to the Ecumenical Temple.
  4737 | Temple   | Entered the Ecumenical Temple
  4983 | Temple   | Became a worshipper of Sif Muna the Loreminder
  4987 | Temple   | Learned a level 2 spell: Call Imp
  5225 | D:4      | Reached skill level 1 in Fighting
  5421 | D:4      | Found a sparkling altar of Nemelex Xobeh.
  5563 | D:4      | Noticed Natasha
  5567 | D:4      | Noticed Duvessa
  5571 | D:4      | Killed Natasha
  5574 | D:4      | Noticed Dowan
  5735 | D:4      | Killed Duvessa
  5735 | D:4      | Reached skill level 6 in Spellcasting
  5741 | D:4      | Killed Dowan
  6033 | D:4      | Found a shadowy altar of Dithmenos.
  6222 | D:4      | Noticed Natasha
  6224 | D:4      | Killed Natasha
  6260 | D:4      | Noticed Natasha
  6260 | D:4      | Killed Natasha
  6409 | D:5      | Entered Level 5 of the Dungeon
  6856 | D:5      | Found Quroupp's Assorted Antiques.
  6862 | D:5      | Bought a pair of glowing gloves for 81 gold pieces
  6862 | D:5      | Bought a scroll labeled POUKKI NUSTRI for 18 gold pieces
  6862 | D:5      | Bought a viscous black potion for 16 gold pieces
  6913 | D:5      | Reached XP level 8. HP: 61/61 MP: 12/17
  7329 | D:5      | Acquired Sif Muna's first power
  7335 | D:5      | Found an ancient bone altar of Kikubaaqudgha.
  7794 | D:6      | Reached skill level 7 in Spellcasting
  8427 | D:6      | Acquired Sif Muna's second power
  8557 | D:6      | Reached skill level 5 in Summonings
  8804 | D:6      | Gained mutation: You have sharp fingernails. [mutagenic meat]
  8805 | D:6      | Gained mutation: You can translocate small distances at will. [mutagenic meat]
  9108 | D:6      | Reached XP level 9. HP: 67/67 MP: 13/20
  9120 | D:6      | Reached skill level 8 in Spellcasting
 10275 | D:7      | Found Ubloo's Weapon Boutique.
 10330 | D:7      | Noticed Prince Ribbit
 10349 | D:7      | Killed Prince Ribbit
 10931 | D:7      | Reached skill level 9 in Spellcasting
 11433 | D:8      | HP: 3/67 [trapdoor spider zombie (2)]
 11450 | D:8      | Acquired Sif Muna's third power
 12125 | D:8      | Reached XP level 10. HP: 73/73 MP: 13/23
 12953 | D:8      | Reached skill level 10 in Spellcasting
 13086 | D:8      | Noticed a three-headed hydra
 13431 | D:7      | Learned a level 3 spell: Conjure Flame
 13539 | D:8      | Identified Soafraf's Grimoire of Hurtful Air (You found it on level 8 of the Dungeon)
 13892 | D:8      | Killed a three-headed hydra
 14269 | D:9      | Received a gift from Sif Muna
 14496 | D:9      | Reached skill level 10 in Summonings
 14613 | D:9      | Reached skill level 11 in Spellcasting
 15092 | D:9      | Noticed a centaur warrior
 15111 | D:9      | Killed a centaur warrior
 15111 | D:9      | Reached XP level 11. HP: 45/79 MP: 19/26
 15509 | D:10     | Entered Level 10 of the Dungeon
 15595 | D:10     | Gained mutation: You are frail (-10% HP). [potion of mutation]
 15595 | D:10     | Gained mutation: Your tail ends in a poisonous barb. [potion of mutation]
 15595 | D:10     | Gained mutation: Your spells are a little harder to cast, but a little more powerful. [potion of mutation]
 15744 | D:10     | Noticed a hill giant
 15761 | D:10     | Killed a hill giant
 16452 | D:10     | Noticed a hill giant
 16465 | D:10     | Killed a hill giant
 16718 | D:10     | Received a gift from Sif Muna
 17116 | D:11     | Gained mutation: You heal slowly when monsters are visible. [mutagenic meat]
 17117 | D:11     | Gained mutation: Your flesh is cold resistant. [mutagenic meat]
 17118 | D:11     | Gained mutation: Your flesh is heat resistant. [mutagenic meat]
 17119 | D:11     | Gained mutation: Scrolls take you a little longer to read. [mutagenic meat]
 17152 | D:11     | Found a staircase to the Lair.
 17628 | D:11     | Killed an unseen horror
 17659 | D:11     | Noticed a hill giant
 17880 | D:11     | Reached skill level 12 in Spellcasting
 17930 | D:11     | Killed a hill giant
 18890 | D:11     | Learned a level 7 spell: Haunt
 19011 | D:11     | Reached skill level 1 in Necromancy
 19110 | D:11     | Received a gift from Sif Muna
 19455 | D:11     | Identified Sif Muna's Grimoire of Conjuration (Sif Muna gifted it to you on level 11 of the Dungeon)
 19833 | Lair:1   | Entered Level 1 of the Lair of Beasts
 20979 | Lair:1   | Reached skill level 5 in Necromancy
 21092 | Lair:1   | Reached XP level 12. HP: 76/76 MP: 13/28
 21965 | D:12     | Noticed Rupert
 22890 | Lair:1   | Received a gift from Sif Muna
 22891 | Lair:1   | Identified Sif Muna's Reference Book on Flying Conjuration (Sif Muna gifted it to you on level 1 of the Lair of Beasts)
 23672 | Lair:2   | Found a labyrinth entrance.
 23681 | Lab      | Entered a labyrinth
 24344 | Lab      | Noticed a minotaur
 24373 | Lab      | Killed a minotaur
 24391 | Lab      | Got a pair of pitted boots
 24402 | Lab      | Identified the +1 pair of boots of a ziggurat {rC+ Regen+ MP-9 Str+3} (You found it in a labyrinth)
 25895 | Lair:2   | Got a polished dagger
 25896 | Lair:2   | Identified the +3 dagger of Amiskuh {venom, rElec rPois} (You found it on level 2 of the Lair of Beasts)
 26513 | Lair:3   | Reached skill level 10 in Necromancy
 26898 | Lair:3   | Noticed Maud
 26908 | Lair:3   | Killed Maud
 27190 | Lair:3   | Reached skill level 1 in Invocations
 27528 | Lair:3   | Found a hole to the Spider Nest.
 27533 | Lair:3   | Noticed a five-headed hydra
 27606 | Lair:3   | Killed a five-headed hydra
 27914 | Lair:3   | Received a gift from Sif Muna
 27969 | Lair:3   | Identified Sif Muna's Papyrus of Sinister Rituals and the Entourage (Sif Muna gifted it to you on level 3 of the Lair of Beasts)
 27997 | Lair:3   | Learned a level 6 spell: Monstrous Menagerie
 28291 | Lair:1   | Learned a level 2 spell: Blink
 28505 | D:12     | Reached XP level 13. HP: 85/85 MP: 23/29
 28686 | D:12     | Found a staircase to the Orcish Mines.
 28923 | D:12     | Killed Rupert
 29176 | D:13     | Noticed Sonja
 29183 | D:13     | Killed Sonja
 29312 | D:13     | Noticed Josephine
 29317 | D:13     | Killed Josephine
 30126 | D:13     | Found a glowing silver altar of Zin.
 30369 | D:14     | Learned a level 3 spell: Regeneration
 30567 | D:14     | Reached skill level 5 in Dodging
 30685 | D:14     | Reached skill level 5 in Fighting
 30819 | D:14     | Reached skill level 5 in Invocations
 31261 | D:14     | Found a gate to the Vaults.
 31701 | D:15     | Entered Level 15 of the Dungeon
 31952 | D:12     | Noticed a six-headed hydra
 31958 | D:12     | Killed a six-headed hydra
 32044 | Lair:1   | Hired Onuq the merfolk for 274 gold.
 32352 | Lair:3   | Found a staircase to the Swamp.
 32362 | Lair:3   | Your ally Onuq died
 34650 | Lair:6   | Reached skill level 13 in Summonings
 34706 | Lair:6   | Found a staircase to the Slime Pits.
 35301 | Lair:7   | Reached XP level 14. HP: 90/99 MP: 19/30
 36102 | Lair:8   | Entered Level 8 of the Lair of Beasts
 36830 | Lair:8   | Found a basalt altar of Yredelemnul.
 37910 | Lair:1   | Learned a level 2 spell: Sublimation of Blood
 37965 | Orc:1    | Entered Level 1 of the Orcish Mines
 38433 | Orc:2    | Noticed Harold
 38436 | Orc:2    | Killed Harold
 38501 | Orc:2    | Noticed Erolcha
 38506 | Orc:2    | Killed Erolcha
 39158 | Orc:3    | Found Oruskyfa's Food Shoppe.
 40118 | Orc:4    | Entered Level 4 of the Orcish Mines
 40221 | Orc:4    | Found a staircase to the Elven Halls.
 40379 | Orc:4    | Found a burning altar of Makhleb.
 40692 | Orc:4    | Found Boaclax's Jewellery Emporium.
 40692 | Orc:4    | Found Vopsefops's Book Boutique.
 40697 | Orc:4    | Found Lengui Dojol's Book Shop.
 40709 | Orc:4    | Found Ykhueff's Distillery.
 40754 | Orc:4    | Bought a book of Enchantments for 650 gold pieces
 40756 | Orc:4    | Bought a manual of Summonings for 1435 gold pieces
 41760 | D:15     | Found a shadowy altar of Dithmenos.
 41761 | D:15     | Found a bloodstained altar of Trog.
 41761 | D:15     | Found a glowing golden altar of the Shining One.
 42035 | D:15     | Noticed Nessos
 42045 | D:15     | Killed Nessos
 42045 | D:15     | Received a gift from Sif Muna
 42045 | D:15     | Reached skill level 14 in Summonings
 42048 | D:15     | Noticed Louise
 42065 | D:15     | Killed Louise
 42373 | D:15     | Found a staircase to the Depths.
 42480 | D:15     | Noticed Azrael
 42519 | D:15     | Killed Azrael
 42861 | D:15     | Noticed a vampire knight
 42864 | D:15     | Paralysed by a vampire knight for 6 turns
 42881 | D:15     | Killed a vampire knight
 43141 | D:15     | Mangled by a skeletal warrior

Vault maps used:
D:1:      minmay_arrival_open_corners, minmay_strange_pillars, bh_walls_and_bars
D:2:      lemuel_zombie_altar_yredelemnul, first_bread, feat_on_display,
          uniq_iyjb, uniq_jessica
D:3:      old_standard_altar, gup_sewer_entry_bowl
D:4:      grunt_dithmenos_smoke, nemelex_xobeh_ov_fountains_minmay,
          minmay_temple_entry_statues_pillars, grunt_ministairs_13,
          kennysheep_generic_room_6, uniq_natasha, uniq_duvessa
D:5:      kennysheep_vampire_church, serial_shops, shop
D:6:      kennysheep_housing_project, minmay_unpleasant_kobolds
D:7:      serial_shops, shop, uniq_prince_ribbit1
D:8:      hangedman_ranch, minmay_misc_feat_tower
D:9:      hangedman_minor_gate_pass
D:11:     due_lair_maze_entry_diamond
D:12:     erik_orc_4, nrook_pool_corridor, minmay_misc_feat_x, uniq_rupert
D:13:     basic_altar, uniq_sonja, uniq_josephine
D:14:     erik_vaults_2
D:15:     hangedman_slaughterboxes, uniq_azrael, uniq_louise, uniq_nessos
Temple:   water_room_temple_a_12
Lair:2:   lab_entry_generic, lemuel_fruit_fields
Lair:3:   minmay_swamp_entry_worms, spider_nest_entry_web_field,
          infiniplex_staircase_pool, uniq_maud
Lair:6:   dpeg_oklob_gauntlet, dpeg_slime_entry_corner, hibernation_bobbens
Lair:8:   minmay_lair_end_enchanted_forest, basic_altar, serial_bayou_pond_d
Orc:2:    uniq_erolcha, uniq_harold
Orc:3:    serial_shops, shop, nicolae_orc_pool_cavern, sword_in_stone
Orc:4:    st_orc_rangers, basic_altar
Lab:      labyrinth_green, labyrinth_skeletal_remains, lab_fountain,
          nicolae_lab_t_cross, lab_block, nicolae_lab_starburst,
          nicolae_lab_very_dead_end, nicolae_lab_big_swirl, nicolae_lab_plus
Sewer:    sewer_minmay_w

Action                   |  1- 3 |  4- 6 |  7- 9 | 10-12 | 13-15 || total
-------------------------+-------+-------+-------+-------+-------++-------
Melee: Unarmed           |    27 |       |       |       |       ||    27
       Dagger            |    51 |    88 |   132 |    93 |    35 ||   399
       Spear             |       |       |   138 |   763 |       ||   901
       Staff             |       |       |       |    53 |   109 ||   162
 Fire: Blowgun           |       |     3 |       |       |       ||     3
 Cast: Magic Dart        |    63 |   236 |   476 |   492 |       ||  1267
       Call Imp          |       |       |    65 |   128 |     1 ||   194
       Conjure Flame     |       |       |       |    39 |       ||    39
       Haunt             |       |       |       |    37 |    28 ||    65
       Monstrous Menager |       |       |       |     4 |   193 ||   197
       Regeneration      |       |       |       |       |     3 ||     3
       Sublimation of Bl |       |       |       |       |     1 ||     1
Invok: Channel Energy    |       |       |       |       |     1 ||     1
Evoke: Rod               |       |     5 |     6 |     3 |       ||    14
       Wand              |       |       |       |       |     1 ||     1
       Deck              |       |       |       |       |     1 ||     1
  Use: Scroll            |     1 |     7 |     8 |    18 |     9 ||    43
       Potion            |     1 |       |     4 |    12 |     1 ||    18
 Stab: Distracted        |       |       |     1 |     4 |     1 ||     6
       Sleeping          |       |       |       |     8 |       ||     8
  Eat: Chunk             |       |     6 |    13 |    26 |    82 ||   127
       Meat ration       |       |     1 |     3 |     6 |     4 ||    14
       Royal jelly       |       |     1 |       |       |       ||     1
       Beef jerky        |       |       |     1 |     3 |     3 ||     7
       Pizza             |       |       |       |     7 |     1 ||     8
       Fruit             |       |       |       |     8 |     6 ||    14
       Bread ration      |       |       |       |     3 |       ||     3
